 Dungeon Crawl Stone Soup version 0.29.0 (webtiles) character file.

Game seed: 12190625257502258517

91 imdaedric the Sneak (level 4, -1/21 HPs)
             Began as a Spriggan Enchanter on Aug 24, 2022.
             Slain by a ball python (2 damage)
             ... on level 3 of the Dungeon.
             The game lasted 00:03:50 (3101 turns).

imdaedric the Sneak (Spriggan Enchanter)            Turns: 3101, Time: 00:03:50

Health: -1/21      AC:  3    Str:  4    XL:     4   Next: 33%
Magic:  0/10       EV: 15    Int: 16    God:
Gold:   97         SH:  0    Dex: 17    Spells: 7/9 levels left

rFire   + . .      SeeInvis +   a - +1 dagger
rCold   . . .      Faith    .   (no shield)
rNeg    . . .      Spirit   .   b - +1 robe
rPois   .          Reflect  .   (helmet restricted)
rElec   .          Harm     .   (no cloak)
rCorr   .          Rampage  .   (gloves unavailable)
Will    .....                   (boots unavailable)
Stlth   +++.......              (no amulet)
HPRegen 0.07/turn               f - ring of protection from fire
MPRegen 0.12/turn               (no ring)

@: lethally poisoned (-1 -> -4), very slightly contaminated, constricted, very
quick
A: very small, no large weapons, unfitting armour, see invisible, speed 3
a: no special abilities


You were on level 3 of the Dungeon.
You visited 1 branch of the dungeon, and saw 3 of its levels.

You collected 97 gold pieces.

Inventory:

Hand Weapons
 a - a +1 dagger (weapon)
Missiles
 g - a throwing net (quivered)
Armour
 b - a +1 robe (worn)
Jewellery
 f - a ring of protection from fire (left hand)
 h - an amulet of regeneration
Scrolls
 j - a scroll of magic mapping
Potions
 c - 2 potions of invisibility
 d - a potion of magic
 e - a potion of ambrosia {unknown}
 i - a potion of lignification {unknown}
 k - a potion of mutation {unknown}


   Skills:
 * Level 2.2 Short Blades
 * Level 3.5 Dodging
 * Level 5.4 Stealth
 * Level 3.4 Spellcasting
 * Level 4.3 Hexes


You had 7 spell levels left.
You knew the following spells:

 Your Spells              Type           Power      Damage    Failure   Level
a - Ensorcelled Hibernat  Hex/Ice        18%        N/A       11%         2

Your spell library contained the following spells:

 Spells                   Type           Power      Damage    Failure   Level
 Confusing Touch          Hex            16%        N/A       9%          3
 Tukima's Dance           Hex            16%        N/A       9%          3
 Dazzling Flash           Conj/Hex       18%        N/A       22%         3


Dungeon Overview and Level Annotations

Branches:
Dungeon (3/15)

Altars:


Innate Abilities, Weirdness & Mutations

You are very small and have problems with some larger weapons.
You are too small for most types of armour.
You have supernaturally acute eyesight. (SInv)
You cover ground extremely quickly. (Speed+++)


Message History

Aiming: Ensorcelled Hibernation (safe; 11% risk of failure)
Press: ? - help, Shift-Dir - straight line, f - ball python
Aim: a ball python (chance to affect: 61%)
The ball python resists with significant effort.
* * * LOW HITPOINT WARNING * * *
You feel sick. The bat completely misses you.
The ball python barely misses you. The ball python grabs you.
The ball python constricts you.
Casting: Ensorcelled Hibernation (safe; 11% risk of failure)
Confirm with . or Enter, or press ? or * to list all spells.
Aiming: Ensorcelled Hibernation (safe; 11% risk of failure)
Press: ? - help, Shift-Dir - straight line, f/p - ball python
Aim: a ball python (constricting you, chance to affect: 61%)
The ball python resists with significant effort.
* * * LOW HITPOINT WARNING * * *
You feel sick. The bat closely misses you.
The ball python bites you but does no damage.
The ball python constricts you.
* * * LOW HITPOINT WARNING * * *
Casting: Ensorcelled Hibernation (safe; 11% risk of failure)
Confirm with . or Enter, or press ? or * to list all spells.
Aiming: Ensorcelled Hibernation (safe; 11% risk of failure)
Press: ? - help, Shift-Dir - straight line, f/p - ball python
Aim: a ball python (constricting you, chance to affect: 61%)
The ball python resists with significant effort.
* * * LOW HITPOINT WARNING * * *
You feel sick. The bat hits you.
* * * LOW HITPOINT WARNING * * *
The ball python closely misses you. The ball python constricts you.
Casting: Ensorcelled Hibernation (safe; 11% risk of failure)
Confirm with . or Enter, or press ? or * to list all spells.
Aiming: Ensorcelled Hibernation (safe; 11% risk of failure)
Press: ? - help, Shift-Dir - straight line, f/p - ball python
Aim: a ball python (constricting you, chance to affect: 61%)
You miscast Ensorcelled Hibernation.
You are very lightly contaminated with residual magic.
Nothing appears to happen.
* * * LOW HITPOINT WARNING * * *
You feel sick. The bat closely misses you. The ball python bites you.
You die...

#..#.# #.........# #..#.#
.........# #..#.####
#........# #.......#
........# #.##.#...
.......# #.##.#... b.....#
#.##.#... ##.S.##
##'##+#... #8@..8#
#......... ##...##
#......... #...#
#...#8###8
##...#####...######
#8...8#.........#
###########...########...#
#.......# #...##8###8#...#
###.###.###..............#
#.# #..#⌠............###


You could see a bat and a ball python.

Vanquished Creatures
  4 adders
  5 worms
  11 bats
  4 endoplasms
  A giant cockroach (D:1)
  A goblin (D:2)
  7 hobgoblins
  3 kobolds
  3 frilled lizards
  4 rats
43 creatures vanquished.

Notes
Turn   | Place    | Note
-------+----------+-------------------------------------------
     0 | D:1      | imdaedric the Spriggan Enchanter began the quest for the
                  | Orb.
     0 | D:1      | Reached XP level 1. HP: 9/9 MP: 5/5
   396 | D:1      | Reached XP level 2. HP: 8/13 MP: 6/6
   399 | D:1      | Learned a level 2 spell: Ensorcelled Hibernation
   997 | D:1      | Found a faded altar of an unknown god.
  1416 | D:2      | Reached XP level 3. HP: 16/16 MP: 8/8
  1827 | D:2      | Reached skill level 5 in Stealth
  2594 | D:2      | Reached XP level 4. HP: 21/21 MP: 2/10
  3101 | D:3      | HP: 1/21 [poisoned by an adder]
  3101 | D:3      | Slain by a ball python

Illustrated notes

Levels and vault maps discovered:
D:1:      minmay_arrival_doors, layout_basic, basic_ecumenical_altar
D:2:      layout_basic, minmay_misc_feat_more_columns, nicolae_wormholes
D:3:      layout_basic, serial_corexii_hall, chequers_hall_statues_wall_a,
          corexii_hall_statues_t, minmay_misc_feat_secret_circle

Skill      XL: |  1  2  3 |
---------------+----------+-----
Dodging        | 3 |  3.5
Spellcasting   | 3 |  3.4
Hexes          | 4 |  4.3
Stealth        | 5 |  5.4
Short Blades   | 2 |  2.2

Action                   |  1- 3 |  4- 6 || total
-------------------------+-------+-------++-------
Melee: Dagger            |   118 |    11 ||   129
 Cast: Ensorcelled Hiber |     9 |     4 ||    13
  Use: Scroll            |     5 |       ||     5
       Potion            |     1 |       ||     1
 Stab: Sleeping          |    15 |     6 ||    21
Armor: Robe              |    19 |     3 ||    22
Dodge: Dodged            |   100 |    14 ||   114
